 Dungeon Crawl Stone Soup version 0.27-a0-1196-g3e9cee4cb2 (console) character file.

Game seed: 14426533711763112564

607 Hector the Chopper (level 7, -1/52 HPs)
             Began as a Demonspawn Abyssal Knight on May 29, 2021.
             Was a Believer of Lugonu.
             Slain by an orc
             ... wielding a +0 flail
              (5 damage)
             ... on level 5 of the Dungeon.
             The game lasted 00:10:00 (5614 turns).

Hector the Chopper (Demonspawn Abyssal Knight)      Turns: 5614, Time: 00:10:01

Health: -1/52      AC: 24    Str: 15    XL:     7   Next: 19%
Magic:  10/10      EV:  4    Int: 13    God:    Lugonu [**....]
Gold:   218        SH:  0    Dex: 18    Spells: 6/6 levels left

rFire    . . .     SeeInvis .   a - +1 hand axe
rCold    . . .     Faith    .   (no shield)
rNeg     . . .     Spirit   .   p - +0 plate armour
rPois    .         Reflect  .   (helmet restricted)
rElec    .         Harm     .   (no cloak)
rCorr    .         Rampage  .   g - +0 pair of gloves
Will     +....                  (no boots)
Stlth    ..........             (no amulet)
HPRegen  0.17/turn              j - +6 ring of dexterity
MPRegen  0.12/turn              q - ring of willpower

@: sanguine armoured
A: horns 2, sanguine armour 3
a: Renounce Religion, Depart the Abyss, Bend Space


You were on level 5 of the Dungeon.
You worshipped Lugonu.
Lugonu was pleased with you.
You visited 1 branch of the dungeon, and saw 5 of its levels.
You visited the Abyss 1 time.

You collected 218 gold pieces.

Inventory:

Hand Weapons
 a - a +1 hand axe (weapon)
Missiles
 e - 60 stones
Armour
 b - a +0 leather armour
 g - a +0 pair of gloves (worn)
 i - a +0 scale mail
 p - a +0 plate armour (worn)
Jewellery
 j - a +6 ring of dexterity (left hand)
 q - a ring of willpower (right hand)
Wands
 t - a wand of acid (5)
Scrolls
 h - a scroll of teleportation {unknown}
 k - 5 scrolls of identify {unknown}
 l - a scroll of fear {unknown}
 n - a scroll of amnesia {unknown}
 s - a scroll of enchant weapon {unknown}
 v - a scroll of summoning {unknown}
Potions
 c - a potion of might {unknown}
 d - 3 potions of attraction {unknown}
 f - 2 potions of brilliance {unknown}
 m - 2 potions of heal wounds {unknown}
 o - a potion of cancellation {unknown}
 r - a potion of ambrosia {unknown}
 u - a potion of curing {unknown}


   Skills:
 + Level 3.6 Fighting
 * Level 5.9 Axes
 + Level 3.1 Armour
 + Level 1.2 Dodging
 * Level 4.3 Invocations


You had 6 spell levels left.
You didn't know any spells.
Your spell library contained the following spells:

 Spells                   Type           Power      Damage    Failure   Level
 Beastly Appendage        Tmut           0%         N/A       100%        1
 Magic Dart               Conj           0%         1d3       100%        1
 Blink                    Tloc           N/A        N/A       100%        2
 Call Imp                 Summ           0%         N/A       100%        2
 Slow                     Hex            0%         N/A       100%        2
 Wereblood                Tmut           0%         N/A       100%        2
 Conjure Flame            Conj/Fire      0%         6-21      100%        3
 Mephitic Cloud           Conj/Pois/Air  0%         N/A       100%        3
 Spider Form              Tmut/Pois      0%         N/A       100%        3
 Ice Form                 Ice/Tmut       0%         N/A       100%        4
 Hydra Form               Tmut           0%         N/A       100%        5


Dungeon Overview and Level Annotations

Branches:
Dungeon (5/15)
 Temple: D:4-7

Altars:
Ashenzari
Dithmenos
Gozag
Kikubaaqudgha
Ru
The Shining One

Annotations:
D:4 gold/water/rock


Innate Abilities, Weirdness & Mutations

You have a pair of horns on your head.
When seriously injured, your bleeding wounds create very thick armour. (AC +12)


Message History

You kill the orc priest!
Lugonu accepts your kill.
You hit the orc but do no damage. You closely miss the orc. x2
The orc barely misses you. x2; The orc hits you but does no damage.
You slash the orc!
The orc is almost dead.
You hit the orc but do no damage. You hit the orc.
The orc hits you with a +0 flail. The orc hits you but does no damage. x2
You completely miss the orc.
The orc is almost dead.
You hit the orc. You hit the orc but do no damage.
The orc hits you but does no damage. The orc barely misses you. x2
You hit the ogre.
You headbutt the ogre, but do no damage.
The ogre is lightly wounded.
You hit the orc.
You kill the orc!
Lugonu accepts your kill.
You hit the orc.
You kill the orc!
Lugonu accepts your kill.
You hit the orc but do no damage.
The ogre hits you with a +0 giant spiked club.
The orc barely misses you.
You hit the ogre.
The ogre is moderately wounded.
You hit the orc.
The ogre hits you with a +0 giant spiked club.
* * * LOW HITPOINT WARNING * * *
The orc hits you but does no damage.
You hit the ogre.
The ogre is moderately wounded.
You barely miss the orc.
The ogre hits you with a +0 giant spiked club!
* * * LOW HITPOINT WARNING * * *
The orc hits you but does no damage.
You hit the ogre. You headbutt the ogre!
The ogre is severely wounded.
You closely miss the orc. The orc hits you with a +0 flail.
You die...

........O....
#....(.................
#.........#####........
#.........# +..!.o...
#.........# #........
#.........# ..
.........#####...
#.oO).....)....
#..@...........
#..)<..........
#..............
#..............
#.....†.)......
#####+#<....## #.....#
#.....# #.....+


You could see an ogre and an orc.

Vanquished Creatures
  A centaur (D:4)
  A phantom (D:4)
  3 scorpions
  A water moccasin skeleton (D:3)
  A centaur zombie (D:3)
  2 orc priests
  An orc wizard (D:4)
  A howler monkey skeleton (D:4)
  3 adders (D:3)
  2 dart slugs
  6 orcs
  5 ball pythons
  4 bats
  7 endoplasms
  5 giant cockroaches
  6 goblins
  7 hobgoblins
  2 jackals (D:3)
  8 kobolds
  2 quokkas
  7 frilled lizards
  5 rats
80 creatures vanquished.

Vanquished Creatures (others)
  A human (D:3)
1 creature vanquished.

Grand Total: 81 creatures vanquished

Notes
Turn   | Place    | Note
-------+----------+-------------------------------------------
     0 | Abyss:1  | Hector the Demonspawn Abyssal Knight began the quest for
                  | the Orb.
     0 | Abyss:1  | Reached XP level 1. HP: 18/18 MP: 2/2
    28 | Abyss:1  | Noticed a sixfirhy
    29 | D:1      | Escaped the Abyss
   103 | D:1      | Reached skill level 2 in Axes
   189 | D:1      | Gained mutation: You have a pair of small horns on your
                  | head. [demonic ancestry]
   189 | D:1      | Reached XP level 2. HP: 8/24 MP: 4/4
   841 | D:1      | Reached * piety under Lugonu
  1379 | D:2      | Reached skill level 1 in Dodging
  1506 | D:2      | Gained mutation: When seriously injured, your bleeding
                  | wounds create armour. (AC +12) [demonic ancestry]
  1506 | D:2      | Reached XP level 3. HP: 29/29 MP: 5/5
  1874 | D:2      | Reached skill level 3 in Axes
  2174 | D:3      | Gained mutation: When seriously injured, your bleeding
                  | wounds create thick armour. (AC +12) [demonic ancestry]
  2174 | D:3      | Reached XP level 4. HP: 28/35 MP: 6/6
  2542 | D:3      | Found an ancient bone altar of Kikubaaqudgha.
  2543 | D:3      | Noticed a human
  2545 | D:3      | Killed a human
  2632 | D:3      | Found a shadowy altar of Dithmenos.
  3010 | D:3      | Reached ** piety under Lugonu
  3025 | D:3      | Reached skill level 4 in Axes
  3025 | D:3      | Gained mutation: When seriously injured, your bleeding
                  | wounds create very thick armour. (AC +12) [demonic
                  | ancestry]
  3025 | D:3      | Reached XP level 5. HP: 41/41 MP: 7/7
  3315 | D:4      | Found a broken altar of Ashenzari.
  3587 | D:4      | Noticed a centaur
  3655 | D:4      | Killed a centaur
  3656 | D:4      | Reached XP level 6. HP: 26/47 MP: 8/8
  3889 | D:4      | Reached skill level 5 in Axes
  4652 | D:4      | Found an opulent altar of Gozag.
  4652 | D:4      | Found an opulent altar of Gozag.
  4654 | D:4      | Found an opulent altar of Gozag.
  4658 | D:4      | Found an opulent altar of Gozag.
  4821 | D:4      | Found a sacrificial altar of Ru.
  5308 | D:5      | Entered Level 5 of the Dungeon
  5334 | D:4      | Gained mutation: You have a pair of horns on your head.
                  | [demonic ancestry]
  5334 | D:4      | Reached XP level 7. HP: 24/52 MP: 10/10
  5614 | D:5      | Slain by an orc

Illustrated notes

Levels and vault maps discovered:
D:1:      onia_arrival_mini_spirals, layout_basic, minmay_tall_x
D:2:      layout_loops_ring
D:3:      minmay_angry_zag, layout_loops_ring, tgw_kikubaaqudgha,
          marbit_many_paths, old_standard_altar
D:4:      layout_layer_cave, nicolae_ru_path_of_blood,
          ashenzari_conservatory_becter, nicolae_gozag_conspicuous_consumption
D:5:      layout_gridville, nzn_hepliaklqana_mist_gate, portal_sewer_entry_b,
          skrybe_limestone_x, uniq_crazy_yiuf_cottage, uniq_menkaure

Skill      XL: |  1  2  3  4  5  6 |
---------------+-------------------+-----
Axes           | 2 3 4 5 |  5.9
Dodging        | 1 |  1.2
Invocations    | 3 4 |  4.3
Armour         | 2 3 |  3.1
Fighting       | |  3.6

Action                   |  1- 3 |  4- 6 |  7- 9 || total
-------------------------+-------+-------+-------++-------
Melee: Hand axe          |    94 |   163 |    17 ||   274
       Headbutt          |     9 |    37 |     7 ||    53
Invok: Depart the Abyss  |     1 |       |       ||     1
 Stab: Sleeping          |     1 |       |       ||     1
Armor: Leather armour    |    10 |       |       ||    10
       Scale mail        |    39 |    11 |       ||    50
       Plate armour      |       |   126 |    19 ||   145
Dodge: Dodged            |    56 |    39 |    11 ||   106

Table legend: (Time is in decaauts)
 A = Elapsed time spent in this place.
 B = Non-inter-level travel time spent in this place.
 C = Inter-level travel time spent in this place.
 D = Time resting spent in this place.
 E = Time spent auto-exploring this place.
 F = Levels seen in this place.
 G = Mean time per level.
                   A        B        C        D        E       F      G
               +--------+--------+--------+--------+--------+-----+--------+
         Total |   5653 |   5165 |    488 |    882 |   3602 |   6 |  942.2 |
       Dungeon |   5624 |   5136 |    488 |    882 |   3581 |   5 | 1124.8 |
         Abyss |     29 |     29 |      0 |      0 |     21 |   1 |   29.0 |
               +--------+--------+--------+--------+--------+-----+--------+

Top non-repeatable levels by time:
     D:4: 1991 daAuts
     D:3: 1503 daAuts
     D:1: 1281 daAuts
     D:2: 821 daAuts
 Abyss:1: 29 daAuts
     D:5: 26 daAuts
